 Dungeon Crawl Stone Soup version 0.29.0-11-gd7f09526c8 (webtiles) character file.

Game seed: 4519677115936118807

9 CrazyBamboolord the Grave Robber (level 2, 0/19 HPs)
             Began as a Mummy Necromancer on Sept 6, 2022.
             Slain by a quokka (3 damage)
             ... on level 1 of the Dungeon.
             The game lasted 00:01:10 (132 turns).

CrazyBamboolord the Grave Robber (Mummy Necromancer) Turns: 132, Time: 00:01:11

Health: 0/19       AC:  2    Str: 11    XL:     2   Next: 3%
Magic:  0/5        EV: 12    Int: 14    God:
Gold:   0          SH:  0    Dex: 12    Spells: 5/6 levels left

rFire   x . .      SeeInvis .   (no weapon)
rCold   + . .      Faith    .   (no shield)
rNeg    + + +      Spirit   .   a - +0 robe
rPois   ∞          Reflect  .   (no helmet)
rElec   .          Harm     .   (no cloak)
rCorr   .          Rampage  .   (no gloves)
Will    .....                   (no boots)
Stlth   ++........              (no amulet)
HPRegen 0.06/turn               (no ring)
MPRegen 0.09/turn               (no ring)

@: no status effects
A: cold resistance 1, negative energy resistance 3, torment resistance 2, heat
vulnerability 1, no potions
a: no special abilities


You were on level 1 of the Dungeon.
You visited 1 branch of the dungeon, and saw 1 of its levels.

Inventory:

Armour
 a - a +0 robe (worn)


   Skills:
 * Level 1.6 Dodging
 - Level 1.5 Stealth
 * Level 2.8 Spellcasting
 * Level 0.1 Hexes
 * Level 4.3 Necromancy


You had 5 spell levels left.
You knew the following spells:

 Your Spells              Type           Power      Damage    Failure   Level
a - Necrotise             Necr           56%        1d6       3%          1

Your spell library contained the following spells:

 Spells                   Type           Power      Damage    Failure   Level
 Vampiric Draining        Necr           14%        2d7       11%         3
 Animate Dead             Necr           14%        N/A       36%         4
 Agony                    Necr           14%        N/A       71%         5


Dungeon Overview and Level Annotations

Branches:
Dungeon (1/15)

Altars:


Innate Abilities, Weirdness & Mutations

You are immune to poison.
Your flesh is cold resistant. (rC+)
You are immune to negative energy. (rN+++)
You are immune to unholy pain and torment.
You are vulnerable to heat. (rF-)
You do not drink.


Message History

The slug dart hits you.
You hit the dart slug.
You kill the dart slug!
The quokka closely misses you.
You have reached level 2!
You barely miss the quokka. The quokka barely misses you. The quokka bites you.
You closely miss the quokka.
The quokka bites you but does no damage.
You see here 7 stones.
The quokka attacks as you move away! The quokka barely misses you.
Aiming: Necrotise (safe; 3% risk of failure)
Press: ? - help, Q - select action Shift-Dir - straight line, f - quokka
Aim: a quokka (chance to affect: 84%)
The quokka writhes in agony.
The quokka barely misses you. The quokka closely misses you.
The quokka attacks as you move away! The quokka completely misses you.
The quokka attacks as you move away! The quokka misses you.
The quokka barely misses you. The quokka attacks as you move away!
The quokka completely misses you. The quokka attacks as you move away!
The quokka closely misses you. The quokka attacks as you move away!
The quokka bites you.
* * * LOW HITPOINT WARNING * * *
Aiming: Necrotise (safe; 3% risk of failure)
Press: ? - help, Q - select action Shift-Dir - straight line, f/p - quokka
Aim: a quokka (heavily wounded, chance to affect: 84%)
The quokka writhes in agony.
The quokka misses you. The quokka bites you.
* * * LOW HITPOINT WARNING * * *
You barely miss the quokka.
The quokka is almost dead.
The quokka bites you.
* * * LOW HITPOINT WARNING * * *
You hit the quokka but do no damage.
The quokka is almost dead.
The quokka bites you.
* * * LOW HITPOINT WARNING * * *
You hit the quokka but do no damage.
The quokka is almost dead.
The quokka barely misses you. The quokka bites you.
You die...

#......#Z#5#.#......#.(......
#####..#.###.#......#........
##.#8...8#...............
#.###+###..####)........
#.........## #.........
#.........# #..#######
##....#.### #..# #....#r#
#..# #....#@# #..# #..).#.#
#..# #.#+##.# ..# ..# ##. ###


You could see a quokka.

Vanquished Creatures
  A dart slug (D:1)
  An endoplasm (D:1)
  A goblin (D:1)
  A hobgoblin (D:1)
  A kobold (D:1)
5 creatures vanquished.

Vanquished Creatures (collateral kills)
  A bat (D:1)
1 creature vanquished.

Vanquished Creatures (others)
  2 demonic plants (D:1)
2 creatures vanquished.

Grand Total: 8 creatures vanquished

Notes
Turn   | Place    | Note
-------+----------+-------------------------------------------
     0 | D:1      | CrazyBamboolord the Mummy Necromancer began the quest for
                  | the Orb.
     0 | D:1      | Reached XP level 1. HP: 13/13 MP: 4/4
    28 | D:1      | Found a faded altar of an unknown god.
    28 | D:1      | Noticed a crimson imp
   112 | D:1      | Reached XP level 2. HP: 13/19 MP: 0/5
   132 | D:1      | Slain by a quokka

Illustrated notes

Levels and vault maps discovered:
D:1:      nagdon_arrival_double_spiral, layout_basic,
          dreamdust_ecumenical_altar_sealed_demon, minmay_statues_item,
          dk_noncrumbling_3, nicolae_kite_square_tiling_tiny

Action                   || total
-------------------------++-------
Melee: Unarmed           ||    14
 Cast: Necrotise         ||    13
Armor: Robe              ||     3
Dodge: Dodged            ||    17
